 Dungeon Crawl Stone Soup version 0.30.0-17-ge0270778cf (webtiles) character file.

Game seed: 13210757349872094856

51 monsoonserge the Magician (level 4, -4/31 HPs)
             Began as a Djinni Venom Mage on May 22, 2023.
             Slain by a gnoll
             ... wielding a +0 spear
              (7 damage)
             ... on level 2 of the Dungeon.
             The game lasted 00:07:49 (1021 turns).

monsoonserge the Magician (Djinni Venom Mage)       Turns: 1021, Time: 00:07:50

Health: -4/31      AC:  2    Str: 13    XL:     4   Next: 7%
Gold:   59         EV: 12    Int: 19    God:
                   SH:  0    Dex: 13

rFire   + + .        l - +0 mace (drain)
rCold   x . .        (no shield)
rNeg    . . .        a - +0 robe
rPois   ∞            (no helmet)
rElec   .            (no cloak)
rCorr   .            (no gloves)
SInv    .            (boots unavailable)
Will    .....        (no amulet)
Stlth   ++           f - +6 ring of strength
HPRegen 0.25/turn    (no ring)
MPRegen 0.00/turn

%: infuse magic (-5 HP)
@: flying, very slightly contaminated
A: sickness immunity, fire resistance 2, cold vulnerability 1, float, innate
caster, HP casting, extra vitality 1
a: no special abilities


You were on level 2 of the Dungeon.
You visited 1 branch of the dungeon, and saw 2 of its levels.

You collected 59 gold pieces.

Inventory:

Hand Weapons
 b - a +0 hand axe
 d - a +0 short sword
 g - a +1 whip of venom
 l - a +0 mace of draining (weapon)
 m - a +1 antimagic whip
Missiles
 e - 14 stones
 i - 6 boomerangs (quivered)
Armour
 a - a +0 robe (worn)
 j - a +0 ring mail
Jewellery
 f - a +6 ring of strength (left hand)
Scrolls
 c - a scroll of enchant armour {unknown}
 h - 2 scrolls of torment {unknown}
 k - a scroll of brand weapon {unknown}
 n - a scroll of fog {unknown}
 o - a scroll of teleportation {unknown}
 p - a scroll of identify {unknown}


   Skills:
 + Level 0.2 Maces & Flails
 + Level 2.6 Dodging
 + Level 1.9 Stealth
 * Level 3.2 Spellcasting


You knew the following spells:

 Your Spells              Type           Power      Damage    Failure   Level
a - Sting                 Tmut/Pois      60%        1d6       3%          1
b - Poisonous Vapours     Pois/Air       30%        N/A       6%          2
c - Mephitic Cloud        Conj/Pois/Air  15%        N/A       12%         3
d - Olgreb's Toxic Radia  Pois           15%        N/A       36%         4
e - Kiss of Death         Conj/Necr      60%        2d10      3%          1
Your spell library was empty.

Dungeon Overview and Level Annotations

Branches:
Dungeon (2/15)

Altars:

Shops:
D:1 =


Innate Abilities, Weirdness & Mutations

You are immune to sickness and miasma.
You are immune to poison.
Your flesh is very heat resistant. (rF++)
You are vulnerable to cold. (rC-)
You float through the air rather than walking.
You learn spells naturally, not from books.
Your magical power is your life essence.
You have superior vitality. (+4 MHP)


Message History

Casting: Poisonous Vapours (safe; 7% risk of failure)
Confirm with . or Enter, or press ? or * to list all spells.
Aiming: Poisonous Vapours (safe; 7% risk of failure)
Press: ? - help, Dir - move target, f - gnoll, p - gnoll
Aim: a gnoll, wielding a +0 flail (heavily wounded) Poisonous vapours surround the gnoll!
The gnoll is poisoned.
The goblin barely misses you.
Casting: Poisonous Vapours (safe; 7% risk of failure)
Confirm with . or Enter, or press ? or * to list all spells.
Aiming: Poisonous Vapours (safe; 7% risk of failure)
Press: ? - help, Dir - move target, f - gnoll, p - gnoll
Aim: a gnoll, wielding a +0 spear You miscast Poisonous Vapours.
You are very lightly contaminated with residual magic.
Nothing appears to happen.
The goblin hits you with a +0 club.
You aren't carrying any potions.
You hit the goblin.
You kill the goblin!
The gnoll misses you.
You hit the gnoll but do no damage.
The gnoll is almost dead.
The gnoll hits you but does no damage. The gnoll hits you with a +0 flail.
* * * LOW HITPOINT WARNING * * *
Unknown command.
The gnoll shouts!
You hit the gnoll.
You kill the gnoll!
The gnoll hits you from afar with a +0 spear.
* * * LOW HITPOINT WARNING * * *
You have reached level 4!
You feel clever.
Okay, then.
Press: ? - help, v - describe, . - travel, g - get item
Here: a gnoll, wielding a +0 club (severely wounded, poisoned)
Items here: a +0 flail; a +0 club.
The floor.
You hit the gnoll. You drain the gnoll.
You kill the gnoll!
The gnoll hits you from afar with a +0 spear!
You die...

........(... #..#####..#)...#
............# ##..........##.#
............# ..#######...# ##
..........#.## ..# #...#####
...#.....#...# #.# #........
##########...# #.# ##....... #
#...### #.######........
##########.....###........##.....
)).)......g...g)@....############
##########...######### #####


You could see 2 gnolls.

Vanquished Creatures
  Robin (D:2)
  2 gnolls (D:2)
  A dart slug (D:2)
  A ball python (D:1)
  An endoplasm (D:1)
  A giant cockroach (D:1)
  11 goblins
  3 hobgoblins
  2 bats
  3 kobolds
26 creatures vanquished.

Notes
Turn   | Place    | Note
-------+----------+-------------------------------------------
     0 | D:1      | monsoonserge the Djinni Venom Mage began the quest for the
                  | Orb.
     0 | D:1      | monsoonserge set off with the following spells memorised:
                  | Sting, Poisonous Vapours, Mephitic Cloud, Olgreb's Toxic
                  | Radiance.
     0 | D:1      | Reached XP level 1. HP: 15/15 MP: 0/0
   115 | D:1      | Found Pemedimn's Jewellery Boutique.
   178 | D:1      | Found a faded altar of an unknown god.
   225 | D:1      | Reached XP level 2. HP: 12/21 MP: 0/0
   768 | D:2      | Noticed Robin
   895 | D:2      | Reached XP level 3. HP: 25/25 MP: 0/0
   895 | D:2      | Learned a level 1 spell: Kiss of Death
   928 | D:2      | Reached skill level 3 in Spellcasting
   929 | D:2      | Killed Robin
  1021 | D:2      | Reached XP level 4. HP: 3/31 MP: 0/0
  1021 | D:2      | Slain by a gnoll

Illustrated notes

Levels and vault maps discovered:
D:1:      dpeg_arrival_long_road, layout_basic, serial_shops, shop,
          shapermc_ecumenical_altar_venn, minmay_domino_4
D:2:      layout_rooms, uniq_robin, uniq_sigmund, uniq_jessica

Skill      XL: |  1  2  3 |
---------------+----------+-----
Spellcasting   | 3 |  3.2
Maces & Flails | |  0.2
Dodging        | |  2.6
Stealth        | |  1.9

Action                     |  1- 3 |  4- 6 || total
---------------------------+-------+-------++-------
  Melee: Whip              |    10 |       ||    10
         Short sword       |     3 |       ||     3
         Hand axe          |     1 |       ||     1
         Mace              |    21 |     1 ||    22
  Throw: Boomerang         |     5 |       ||     5
   Cast: Sting             |    29 |       ||    29
         Poisonous Vapours |     9 |       ||     9
         Mephitic Cloud    |     1 |       ||     1
 Armour: Robe              |    10 |       ||    10
  Dodge: Dodged            |    33 |       ||    33
